 Dungeon Crawl Stone Soup version 0.31-a0-455-g1a7b003ef0 (webtiles) character file.

Game seed: 11535723137666825227

239 ytrimaz the Changeling (level 5, -7/55 HPs)
             Began as a Demonspawn Shapeshifter on Aug 4, 2023.
             Mangled by an ogre
             ... wielding a +0 giant spiked club
              (20 damage)
             ... on level 4 of the Dungeon.
             The game lasted 00:03:50 (3276 turns).

ytrimaz the Changeling (Demonspawn Shapeshifter)    Turns: 3276, Time: 00:03:50

Health: -7/55      AC: 22    Str: 17    XL:     5   Next: 79%
Magic:  5/5        EV:  2    Int: 10    God:
Gold:   135        SH:  5    Dex: 13    Spells: 4/4 levels left

rFire   + .          .
                       - Unarmed
rCold   . . .        (no shield)
rNeg    . . .        t - melded +0 chain mail of Relativism {Rampage}
rPois   +            (helmet currently unavailable)
rElec   .            (cloak currently unavailable)
rCorr   .            (gloves currently unavailable)
SInv    .            (boots currently unavailable)
Will    .....        v - amulet of reflection
Stlth   +            p - ring of protection from fire
HPRegen 0.29/turn    w - +4 ring of slaying
MPRegen 0.09/turn

%: reflection
@: tree-form
A: stationary, stasis, torment immunity, boosted hp, repulsion field 1, demonic
guardian 1
a: no special abilities


You were on level 4 of the Dungeon.
You were a tree.
You visited 1 branch of the dungeon, and saw 4 of its levels.

You collected 157 gold pieces.
You spent 22 gold pieces at shops.


Innate Abilities, Weirdness & Mutations

You are a tree.
Your roots penetrate the ground, keeping you stationary.
You cannot be teleported.
You are immune to unholy pain and torment.
Your maximum health is greatly increased.
Your equipment is partially melded.
You are surrounded by a mild repulsion field. (EV +2)
A weak demonic guardian rushes to your aid.


   Skills:
 - Level 1.0 Fighting
 - Level 1.7 Dodging
 + Level 3.9 Unarmed Combat
 * Level 4.6 Shapeshifting


You had 4 spell levels left.
You didn't know any spells.
Your spell library contained the following spells:

 Spells                   Type           Power      Damage    Failure   Level
 Freeze                   Ice            0%         1d3       36%         1
 Frozen Ramparts          Ice            0%         1d1       75%         3
 Hailstorm                Conj/Ice       0%         3d3       75%         3
 Summon Ice Beast         Ice/Summ       0%         N/A       98%         4
 Simulacrum               Ice/Necr       0%         N/A       100%        6

Inventory:

Missiles
 m - a throwing net
Armour
 a - a +0 animal skin
 n - a +1 pair of boots
   (You found it on level 2 of the Dungeon)
 t - the +0 chain mail of Relativism (melded) {Rampage}
   (You found it on level 2 of the Dungeon)

   Rampage:   It bestows one free step when moving towards enemies.
Jewellery
 l - a ring of ice
   (You found it on level 1 of the Dungeon)
 p - a ring of protection from fire (left branch)
   (You found it on level 2 of the Dungeon)
 v - an amulet of reflection (around neck)
   (You found it on level 3 of the Dungeon)
 w - a +4 ring of slaying (right branch)
   (You found it on level 3 of the Dungeon)
 x - an amulet of faith
   (You found it on level 3 of the Dungeon)
Talismans
 c - a beast talisman
Scrolls
 d - a scroll of teleportation {unknown}
 e - a scroll of immolation {unknown}
 g - a scroll of summoning {unknown}
 h - 2 scrolls of vulnerability
 i - a scroll of torment {unknown}
 k - a scroll of poison {unknown}
 q - a scroll of enchant armour
 r - a scroll of blinking {unknown}
 s - a scroll of fog {unknown}
Potions
 b - a potion of lignification
 f - a potion of curing
 j - 2 potions of resistance
 o - a potion of magic
 u - 2 potions of degeneration {unknown}

Dungeon Overview and Level Annotations

Branches:
Dungeon (4/15) Zot: 20737
 Temple: D:4-7

Altars:

Shops:
D:1 *   D:4 [=

Annotations:
D:4 4 runed translucent doors

..# ##.# . # ##..## #.
#.###....###+# #+###..
#............######.....#
.###......(..##8=(8##.#.##
........8.8..#8.$..8#.#.#
#...O∩...+F.....+.#'##
#...8♣8..+o.....+.....
#........#8..?.8#)....
####5....##8)o8##.....
#......######))....
#.........))))........
#...........########..
#........#### #..
#........# #.. #.∩.......
#..


You could see an ogre (ally target), a bullfrog, an orc wizard and a friendly
iron imp (summoned).


Message History

You hit the orc but do no damage. You block the orc's attack.
You are too injured to fight recklessly!
You barely miss the orc.
The orc barely misses you. 😨 HP[+1] Unknown command.
You are too injured to fight recklessly!
You swap places.
Your ufetubus hits the orc.
The orc dies!
The orc misses your ufetubus.
Your ufetubus hits the worm.
Your ufetubus barely misses the worm.
The worm barely misses your ufetubus. The orc barely misses your ufetubus.
Your ufetubus hits the worm.
Your ufetubus hits the worm but does no damage.
Your ufetubus hits the worm. x2; The orc misses your ufetubus.
The worm barely misses your ufetubus.
Your ufetubus hits the worm.
Your ufetubus hits the worm but does no damage.
The orc barely misses your ufetubus. 😨 HP[+1]
Your ufetubus hits the worm. x3
The worm dies!
The orc hits your ufetubus with a +0 whip.
There are no items here.
Your ufetubus hits the orc but does no damage.
Your ufetubus closely misses the orc.
The orc hits your ufetubus with a +0 whip.
Your ufetubus dies!
Your ufetubus disappears in a puff of smoke!
The bullfrog swells and bulges.
The orc barely misses you. 😨 HP[+1]
You block the orc's attack.
You are too injured to fight recklessly!
You hit the orc.
You kill the orc!
Unknown command.
You rampage towards the orc!
You hit the orc. The orc barely misses you.
You are too injured to fight recklessly!
You closely miss the orc.
The bullfrog swells and bulges.
The orc hits you but does no damage. 😨 HP[+1] Unknown command.
You are too injured to fight recklessly!
You punch the orc!
You kill the orc!
You are too injured to fight recklessly!
Items here: ))) [[ ††.
Unknown command.
Items here: )) [[ †.
Things that are here:
a +0 hand axe; a +0 ring mail; an orc corpse 😨 HP[+1]
You start resting.
Found Rann's Antique Armour Boutique. 😮 HP[+11]
You regained 11 hp, and now have 27/37 hp. 😕 HP[+1] Unknown command.
You start resting.
The bullfrog snags a nearby baby bat with its tongue. 😎 HP[+9]
Your hp is fully restored (37).
An ogre comes into view. It is wielding a +0 giant spiked club.
The ogre shouts!
There is an entrance to Zosmetust's Jewellery Shop here.
An ogre is nearby!
Unknown command.
Unknown command.
The ogre attacks as you move away!
The ogre hits you with a +0 giant spiked club!!
Ouch! That really hurt!
* * * LOW HITPOINT WARNING * * *
😨 HP[-22]
You take 22 damage, and now have 15/37 hp.
MASSIVE DAMAGE!! (PAUSE)
Okay, then.
Really quaff the potion of lignification?
Your transformation has ended.
You turn into a tree.
The +0 chain mail of Relativism {Rampage} melds into your body.
Your roots penetrate the ground.
The ogre hits you with a +0 giant spiked club!
* * * LOW HITPOINT WARNING * * *
😱 HP[-2]
You now have 55 max hp (+18).
Unknown command.
You smack the ogre! 😨 HP[+1]
You smack the ogre!
The ogre hits you with a +0 giant spiked club!
* * * LOW HITPOINT WARNING * * *
A demonic guardian appears! 😱 HP[-7]
You take 7 damage, and now have 7/55 hp.
You barely miss the ogre.
Unknown command.
You feel better.
The ogre hits you with a +0 giant spiked club!!
You die...

Skill      XL: |  1  2  3  4 |
---------------+-------------+-----
Shapeshifting  | 3 4 |  4.6
Unarmed Combat | 3 |  3.9
Fighting       | |  1.0
Dodging        | |  1.7

Action                     |  1- 3 |  4- 6 || total
---------------------------+-------+-------++-------
  Melee: Unarmed           |   100 |   109 ||   209
         Punch             |       |     4 ||     4
    Use: Scroll            |       |     5 ||     5
         Potion            |       |     2 ||     2
   Stab: Sleeping          |     1 |       ||     1
 Armour: Animal skin       |    15 |       ||    15
         Chain mail        |     4 |    48 ||    52
  Dodge: Dodged            |    49 |    52 ||   101
  Block: Other             |       |     5 ||     5

Levels and vault maps discovered:
D:1:      scummos_arrival_simple_fountains, layout_loops_corners, serial_shops,
          shop, serial_forest, infiniplex_forest_corner_1,
          infiniplex_forest_lined_room_2, infiniplex_forest_lined_room_,
          infiniplex_forest_lined_corner, infiniplex_forest_lined_room_2,
          infiniplex_forest_end_2, infiniplex_forest_lined_2,
          infiniplex_forest_clump_medium
D:2:      minmay_razor_zed, layout_loops_corners, basic_ecumenical_altar
D:3:      layout_loops_cross, minmay_quadrilaterals
D:4:      layout_basic, serial_shops, nicolae_take_the_stairs, shop,
          nicolae_shop_tiny_statue_garden, minmay_hollow_rounded_squares,
          uniq_crazy_yiuf_cottage, uniq_menkaure

Notes
Turn   | Place    | Note
-------+----------+-------------------------------------------
     0 | D:1      | ytrimaz the Demonspawn Shapeshifter began the quest for the
                  | Orb.
     0 | D:1      | Reached XP level 1. HP: 15/15 MP: 1/1
     0 | D:1      | magus.rc [v1.9.6]
   247 | D:1      | Reached skill level 3 in Shapeshifting
   379 | D:1      | Gained mutation: You are surrounded by a mild repulsion
                  | field. (EV +2) [demonic ancestry]
   379 | D:1      | Reached XP level 2. HP: 21/21 MP: 2/2
   429 | D:1      | Found Liryl's Assorted Antiques.
   433 | D:1      | You pick up a book of the Tundra and begin reading...
   433 | D:1      | You add the spells Hailstorm, Summon Ice Beast and
                  | Simulacrum to your library.
   441 | D:1      | Bought a smoky inky potion for 22 gold pieces
  1131 | D:2      | Gained mutation: A weak demonic guardian rushes to your
                  | aid. [demonic ancestry]
  1131 | D:2      | Reached XP level 3. HP: 18/26 MP: 3/3
  1266 | D:2      | Reached skill level 3 in Unarmed Combat
  1352 | D:2      | Found a faded altar of an unknown god.
  1659 | D:2      | Identified the +0 chain mail of Relativism {Rampage}
  1881 | D:2      | Reached XP level 4. HP: 32/32 MP: 4/4
  2345 | D:3      | You pick up a book of Frost and begin reading...
  2345 | D:3      | You add the spells Freeze and Frozen Ramparts to your
                  | library.
  2495 | D:3      | Reached skill level 4 in Shapeshifting
  2996 | D:4      | Noticed a phantom
  3002 | D:4      | Killed a phantom
  3003 | D:4      | Reached XP level 5. HP: 35/37 MP: 5/5
  3123 | D:4      | Found a large runed translucent door.
  3124 | D:4      | Found a large runed translucent door.
  3149 | D:4      | Found a large runed translucent door.
  3149 | D:4      | Found a large runed translucent door.
  3157 | D:4      | Found Zosmetust's Jewellery Shop.
  3228 | D:4      | Found Rann's Antique Armour Boutique.
  3266 | D:4      | Noticed an ogre
  3272 | D:4      | HP: 13/55 [ogre/+0 giant spiked club (10)]
  3276 | D:4      | Mangled by an ogre

Vanquished Creatures
  A phantom (D:4)
  An orc priest (D:4)
  5 adders
  A worm (D:2)
  4 dart slugs
  8 orcs (D:4)
  3 endoplasms
  2 giant cockroaches
  6 goblins
  10 hobgoblins
  2 jackals (D:3)
  2 quokkas
  7 ball pythons
  6 bats
  3 frilled lizards
  6 kobolds
  7 rats
74 creatures vanquished.

Vanquished Creatures (collateral kills)
  A worm (D:4)
  An orc (D:4)
  A hobgoblin (D:2)
3 creatures vanquished.

Grand Total: 77 creatures vanquished

Table legend:
 A = Non-vault XP
 B = Vault XP
 C = Vault XP percentage of total XP
 D = Non-vault monster count
 E = Vault monster count
 F = Vault count percentage of total count
                 A         B        C        D         E       F
            +---------+---------+-------+---------+---------+-------
      Total |     303 |      39 |  11.4 |      62 |      15 |  19.5
            +---------+---------+-------+---------+---------+-------
        D:1 |      35 |       0 |   0.0 |      21 |       0 |   0.0
        D:2 |      63 |      20 |  24.1 |      15 |      10 |  40.0
        D:3 |      18 |      19 |  51.4 |      11 |       5 |  31.2
        D:4 |     187 |       0 |   0.0 |      15 |       0 |   0.0
            +---------+---------+-------+---------+---------+-------

Skill      XL: |  1  2  3  4 |
---------------+-------------+-----
Shapeshifting  | 3 4 |  4.6
Unarmed Combat | 3 |  3.9
Fighting       | |  1.0
Dodging        | |  1.7

Action                     |  1- 3 |  4- 6 || total
---------------------------+-------+-------++-------
  Melee: Unarmed           |   100 |   109 ||   209
         Punch             |       |     4 ||     4
    Use: Scroll            |       |     5 ||     5
         Potion            |       |     2 ||     2
   Stab: Sleeping          |     1 |       ||     1
 Armour: Animal skin       |    15 |       ||    15
         Chain mail        |     4 |    48 ||    52
  Dodge: Dodged            |    49 |    52 ||   101
  Block: Other             |       |     5 ||     5

Illustrated notes

Table legend:
 A = Kills in this place as a percentage of kills in the entire game.
 B = Kills by you in this place as a percentage of kills by you in the entire game.
 C = Kills by friends in this place as a percentage of kills by friends in the entire game.
 D = Other kills in this place as a percentage of other kills in the entire game.
 E = Experience gained in this place as a percentage of experience gained in the entire game.
 F = Experience gained in this place divided by the number of levels of this place that you have seen.
                   A       B       C       D       E      F
               +-------+-------+-------+-------+-------+----------------------
         Total | 100.0 | 100.0 | 100.0 |   N/A | 100.0 |  85.5
       Dungeon | 100.0 | 100.0 | 100.0 |   N/A | 100.0 |  85.5
               +-------+-------+-------+-------+-------+----------------------

Table legend: (Time is in decaauts)
 A = Elapsed time spent in this place.
 B = Non-inter-level travel time spent in this place.
 C = Inter-level travel time spent in this place.
 D = Time resting spent in this place.
 E = Time spent auto-exploring this place.
 F = Levels seen in this place.
 G = Mean time per level.
                   A        B        C        D        E       F      G
               +--------+--------+--------+--------+--------+-----+--------+
         Total |   3261 |   3104 |    157 |     79 |   2527 |   4 |  815.2 |
       Dungeon |   3261 |   3104 |    157 |     79 |   2527 |   4 |  815.2 |
               +--------+--------+--------+--------+--------+-----+--------+

Top non-repeatable levels by time:
     D:2: 1205 daAuts
     D:1: 1041 daAuts
     D:3: 738 daAuts
     D:4: 277 daAuts
